 Dungeon Crawl Stone Soup version 0.28.0-43-g3370ac3207 (webtiles) character file.

Game seed: 8450839296715019288

217 pkoi the Gusty (level 5, -3/31 HPs)
             Began as an Octopode Air Elementalist on Mar 17, 2022.
             Was an Initiate of Hepliaklqana.
             Slain by an iguana (11 damage)
             ... on level 5 of the Dungeon.
             The game lasted 00:04:43 (5363 turns).

pkoi the Gusty (Octopode Air Elementalist)          Turns: 5363, Time: 00:04:44

Health: -3/31      AC:  1    Str:  7    XL:     5   Next: 94%
Magic:  1/9        EV: 13    Int: 19    God:    Hepliaklqana [......]
Gold:   149        SH:  0    Dex: 13    Spells: 2/10 levels left

rFire   . . .      SeeInvis .   c - +0 dagger (venom)
rCold   . . .      Faith    .   (no shield)
rNeg    . . .      Spirit   .   (helmet restricted)
rPois   .          Reflect  .   (no amulet)
rElec   .          Harm     .   (no ring)
rCorr   .          Rampage  .   (no ring)
Will    .....                   (no ring)
Stlth   +++.......              (no ring)
HPRegen 0.10/turn               (no ring)
MPRegen 0.11/turn               (no ring)
                                (no ring)
                                (no ring)

@: no status effects
A: almost no armour, amphibious, 8 rings, camouflage 1, gelatinous body 1,
(nimble swimmer 1), tentacles
a: Renounce Religion


You were on level 5 of the Dungeon.
You worshipped Hepliaklqana.
Hepliaklqana was noncommittal.
You visited 2 branches of the dungeon, and saw 6 of its levels.

You collected 149 gold pieces.

Inventory:

Hand Weapons
 b - a +0 short sword
 c - a +0 dagger of venom (weapon)
 f - a +1 vampiric whip
Magical Staves
 o - a staff of air
Jewellery
 d - an amulet of guardian spirit
 e - a +4 ring of evasion
Potions
 a - a potion of resistance {unknown}
 g - a potion of flight {unknown}
 h - 4 potions of attraction {unknown}
 i - a potion of degeneration
 j - a potion of heal wounds {unknown}
 n - a potion of ambrosia {unknown}


   Skills:
 - Level 2.0 Dodging
 - Level 2.6 Stealth
 - Level 3.1 Spellcasting
 - Level 1.0 Conjurations
 * Level 5.8 Air Magic


You had 2 spell levels left.
You knew the following spells:

 Your Spells              Type           Power      Damage    Failure   Level
a - Shock                 Conj/Air       60%        1d6       3%          1
b - Swiftness             Air            25%        N/A       4%          3
c - Airstrike             Air            12%        N/A       14%         4

Your spell library contained the following spells:

 Spells                   Type           Power      Damage    Failure   Level
 Static Discharge         Conj/Air       15%        N/A       5%          2
 Alistair's Intoxication  Tmut/Pois      1%         N/A       99%         5
 Borgnjor's Vile Clutch   Necr/Erth      1%         N/A       99%         5
 Eringya's Noxious Bog    Tmut/Pois      1%         N/A       100%        6


Dungeon Overview and Level Annotations

Branches:
Dungeon (5/15)             Temple (1/1) D:4

Altars:
Ashenzari
Cheibriados
Dithmenos
Elyvilon
Fedhas
Gozag
Hepliaklqana
Kikubaaqudgha
Makhleb
Nemelex Xobeh
Okawaru
Qazlal
Ru
Sif Muna
Trog
Vehumet
Wu Jian
Xom
Yredelemnul
Zin
The Shining One

Portals:
Sewer: D:5


Innate Abilities, Weirdness & Mutations

You cannot wear most types of armour.
You are amphibious.
You can wear up to eight rings at the same time.
Your skin changes colour to match your surroundings (Stealth+).
Your rubbery body absorbs attacks. (AC +1, EV +1)
((You are camouflaged when in or above water. (Stealth+)))
You have tentacles for arms and can constrict up to eight enemies at once.


Message History

The scorpion is heavily wounded.
Aiming: Shock (safe; 3% risk of failure)
Press: ? - help, Q - select action, (/) - cycle Shift-Dir - straight line, f - iguana
Aim: an iguana (moderately wounded, 77% to hit)
You feel a surge of power!
The zap hits the iguana.
The iguana is moderately wounded.
The zap hits the scorpion but does no damage.
The scorpion is heavily wounded.
The iguana barely misses you.
Aiming: Shock (safe; 3% risk of failure)
Press: ? - help, Q - select action, (/) - cycle Shift-Dir - straight line, f/p - iguana
Aim: an iguana (moderately wounded, 77% to hit)
You feel a surge of power!
The zap misses the iguana.
The zap hits the scorpion.
The scorpion is severely wounded.
The iguana closely misses you.
You aren't carrying any items that you can evoke.
Unknown command.
Your +0 dagger of venom begins to drip with poison!
c - a +0 dagger of venom (weapon)
The iguana barely misses you.
You hit the iguana but do no damage. You grab the iguana.
The iguana is moderately wounded.
You constrict the iguana, but do no damage.
The iguana closely misses you.
You barely miss the iguana.
The iguana is moderately wounded.
You constrict the iguana, but do no damage.
The iguana bites you.
* * * LOW HITPOINT WARNING * * *
You hit the iguana.
The iguana is poisoned.
The iguana is heavily wounded.
You constrict the iguana, but do no damage.
The iguana bites you!
* * * LOW HITPOINT WARNING * * *
You hit the iguana but do no damage.
The iguana looks even sicker.
You squeeze the iguana, but do no damage.
The iguana is heavily wounded.
You constrict the iguana. The iguana bites you!
You die...

..s.... .......
....... .......
....... ....... ###
.......#######..
.........sl@.#.#####
.......#####.#.#...#
....... #.#.#.#.#
.##+##. #.#.#<#.#
.#≈B≈#. #.#.###.#
.#≈SB#. #.......#
.#≈∩≈#.#######.#####
.#≈≈B#$#.......#
#.#######


You could see a scorpion and an iguana (very poisoned).

Vanquished Creatures
  An orc priest (D:2)
  Natasha (thrice) (D:3)
  An orc wizard (D:4)
  3 adders
  2 dart slugs (D:3)
  7 orcs
  5 ball pythons
  2 endoplasms
  3 giant cockroaches
  5 goblins
  2 hobgoblins
  3 quokkas (D:1)
  5 bats
  4 frilled lizards
  5 kobolds
  6 rats
57 creatures vanquished.

Notes
Turn   | Place    | Note
-------+----------+-------------------------------------------
     0 | D:1      | pkoi the Octopode Air Elementalist began the quest for the
                  | Orb.
     0 | D:1      | Reached XP level 1. HP: 11/11 MP: 3/3
   271 | D:1      | Found a faded altar of an unknown god.
   302 | D:1      | Reached XP level 2. HP: 17/17 MP: 0/5
  1004 | D:2      | Reached XP level 3. HP: 21/21 MP: 0/6
  1079 | D:2      | Learned a level 3 spell: Swiftness
  1629 | D:2      | Reached skill level 4 in Air Magic
  2086 | D:2      | Reached XP level 4. HP: 27/27 MP: 3/8
  2130 | D:3      | Noticed Natasha
  2133 | D:3      | Killed Natasha
  2162 | D:3      | Noticed Natasha
  2169 | D:3      | Killed Natasha
  2170 | D:3      | Reached XP level 5. HP: 4/31 MP: 2/9
  2462 | D:3      | Reached skill level 5 in Air Magic
  2532 | D:3      | Learned a level 4 spell: Airstrike
  2627 | D:3      | Noticed Natasha
  2636 | D:3      | Killed Natasha
  3908 | D:4      | Found a staircase to the Ecumenical Temple.
  3939 | Temple   | Entered the Ecumenical Temple
  4101 | Temple   | Became a worshipper of Hepliaklqana the Forgotten
  5190 | D:5      | Entered Level 5 of the Dungeon
  5344 | D:5      | Found a glowing drain.
  5363 | D:5      | Slain by an iguana

Illustrated notes

Levels and vault maps discovered:
D:1:      dpeg_arrival_rhombi, layout_loops_ring, ebering_ecumenical_altar_box
D:2:      layout_loops_corners
D:3:      layout_loops_ring, kennysheep_flooded_box, uniq_natasha
D:4:      layout_basic, minmay_temple_entry_mini_moons, minmay_misc_feat_plants
D:5:      layout_basic, gup_sewer_entry_glass, uniq_edmund, uniq_eustachio
Temple:   nicolae_temple_the_god_donut

Skill      XL: |  1  2  3  4  5 |
---------------+----------------+-----
Air Magic      | 4 5 |  5.8
Spellcasting   | 3 |  3.1
Dodging        | |  2.0
Stealth        | |  2.6
Conjurations   | |  1.0

Action                   |  1- 3 |  4- 6 || total
-------------------------+-------+-------++-------
Melee: Short sword       |     5 |       ||     5
       Constrict         |     5 |     3 ||     8
       Whip              |    17 |       ||    17
       Dagger            |       |    10 ||    10
       Tentacles         |       |     1 ||     1
 Cast: Shock             |    62 |    63 ||   125
  Use: Scroll            |     2 |     3 ||     5
 Stab: Sleeping          |     2 |     1 ||     3
Armor: Skin              |     3 |     3 ||     6
Dodge: Dodged            |    21 |    15 ||    36
